 Dungeon Crawl Stone Soup version 0.30-a0-381-g6ea064c7b4 (webtiles) character file.

Game seed: 9521749242336347242

537 leviel the Chopper (level 7, -2/61 HPs)
             Began as a Hill Orc Fighter on Dec 1, 2022.
             Slain by Maggie
             ... wielding a +0 scimitar of flaming
              (8 damage)
             ... on level 6 of the Dungeon.
             The game lasted 00:03:17 (3607 turns).

leviel the Chopper (Hill Orc Fighter)               Turns: 3607, Time: 00:03:18

Health: -2/61      AC: 14    Str: 21    XL:     7   Next: 25%
Magic:  7/7        EV:  6    Int:  8    God:
Gold:   133        SH:  5    Dex: 16    Spells: 6/6 levels left

rFire   . . .      SeeInvis .    a - +0 war axe
rCold   . . .      Faith    .    c - +0 buckler
rNeg    . . .      Spirit   .    p - +0 plate armour
rPois   .          Reflect  .    i - +1 helmet
rElec   .          Harm     .    (no cloak)
rCorr   .          Rampage  .    (no gloves)
Will    .....                    (no boots)
Stlth   ..........               (no amulet)
HPRegen 0.30/turn                h - +6 ring of dexterity
MPRegen 0.10/turn                (no ring)

@: mesmerised
A: no striking features
a: no special abilities


You were on level 6 of the Dungeon.
You visited 1 branch of the dungeon, and saw 6 of its levels.

You collected 133 gold pieces.

Inventory:

Hand Weapons
 a - a +0 war axe (weapon)
Armour
 c - a +0 buckler (worn)
 i - a +1 helmet (worn)
 p - a +0 plate armour (worn)
Jewellery
 h - a +6 ring of dexterity (left hand)
Wands
 b - a wand of digging (5)
 q - a wand of acid (9)
 u - a wand of flame (24)
Scrolls
 d - a scroll of vulnerability {unknown}
 e - a scroll of fear {unknown}
 k - 3 scrolls of teleportation {unknown}
 n - 4 scrolls of identify {unknown}
 r - a scroll of amnesia {unknown}
Potions
 f - a potion of magic {unknown}
 g - 3 potions of heal wounds {unknown}
 j - a potion of resistance
 l - a potion of flight {unknown}
 m - 4 potions of curing {unknown}
 o - a potion of ambrosia {unknown}
 s - a potion of haste {unknown}
 t - a potion of brilliance {unknown}


   Skills:
 + Level 5.5 Fighting
 * Level 5.9 Axes
 + Level 5.1 Armour
 + Level 5.1 Shields


You had 6 spell levels left.
You didn't know any spells.
Your spell library was empty.

Dungeon Overview and Level Annotations

Branches:
Dungeon (6/15)
 Temple: D:4-7

Altars:
The Shining One

Annotations:
D:6 Maggie


Message History

Maggie is lightly wounded.
Maggie hits you with a +0 scimitar of flaming.
Maggie burns you.
You slash Maggie!
Maggie is lightly wounded.
Maggie barely misses you.
You hit Maggie.
Maggie is moderately wounded.
Maggie gestures wildly while chanting.
Maggie draws you further into her thrall.
Maggie casts a spell.
Maggie draws you further into her thrall.
You slash Maggie!
Maggie is heavily wounded.
You block Maggie's attack.
You slash Maggie!
Maggie is heavily wounded.
Maggie casts a spell at you. The bolt of fire hits you!!
You slash Maggie!
Maggie is almost dead.
Maggie completely misses you.
You hit Maggie.
Maggie is almost dead.
Maggie gestures at you while chanting. The bolt of fire hits you.
Maggie hits you with a +0 scimitar of flaming.
Maggie burns you.
You hit Maggie.
Maggie is almost dead.
Maggie barely misses you.
You barely miss Maggie.
Maggie is almost dead.
Maggie gestures at you while chanting. The bolt of fire hits you!!
* * * LOW HITPOINT WARNING * * *
You barely miss Maggie.
Maggie is almost dead.
Maggie hits you with a +0 scimitar of flaming!
You die...

....# ....# ... ....#
...##+##########
....######..............
.........#..............
.....†...#..........$...
.........#..............
....#....#..............
#####....#......@.......
##...#####'#.@......
#..........#........
#..........#........
#..........+........
#..........#........
#..........#........
############........


You could see Maggie (mesmerising).

Vanquished Creatures
  Blork the orc (D:4)
  A scorpion (D:4)
  2 hounds
  A jelly (D:5)
  3 iguanas
  3 orc wizards (D:5)
  9 adders
  A shadow imp (D:5)
  An ufetubus (D:3)
  2 worms (D:4)
  4 dart slugs
  2 orcs (D:3)
  2 bats (D:1)
  An endoplasm (D:3)
  5 giant cockroaches
  9 goblins
  3 hobgoblins
  4 jackals (D:4)
  10 kobolds
  3 quokkas (D:4)
  4 ball pythons
  A frilled lizard (D:3)
  3 rats (D:1)
75 creatures vanquished.

Notes
Turn   | Place    | Note
-------+----------+-------------------------------------------
     0 | D:1      | leviel the Hill Orc Fighter began the quest for the Orb.
     0 | D:1      | Reached XP level 1. HP: 19/19 MP: 1/1
   266 | D:1      | Reached XP level 2. HP: 26/27 MP: 2/2
   893 | D:2      | Reached XP level 3. HP: 33/33 MP: 3/3
   978 | D:2      | You fall into a shaft and drop 1 floor!
  1088 | D:3      | Reached XP level 4. HP: 40/40 MP: 4/4
  1360 | D:3      | Found a glowing golden altar of the Shining One.
  1564 | D:4      | Noticed Blork the orc
  1579 | D:4      | Killed Blork the orc
  1580 | D:4      | Reached XP level 5. HP: 17/47 MP: 5/5
  1754 | D:4      | Reached XP level 6. HP: 50/55 MP: 6/6
  1811 | D:4      | Reached skill level 5 in Fighting
  1930 | D:4      | Reached skill level 5 in Axes
  2675 | D:5      | Entered Level 5 of the Dungeon
  2696 | D:5      | Reached skill level 5 in Shields
  2810 | D:5      | Reached skill level 5 in Armour
  2810 | D:5      | Reached XP level 7. HP: 56/61 MP: 7/7
  2964 | D:5      | Identified the +4 dagger of the Wheel {flame, rPois rF+
                  | MP+9}
  3594 | D:6      | Noticed Maggie
  3607 | D:6      | Slain by Maggie

Illustrated notes

Levels and vault maps discovered:
D:1:      dpeg_arrival_solitude, layout_basic,
          nicolae_concentric_dashed_squares_mild
D:2:      minmay_chambers_of_ones, layout_loops_ring, basic_altar
D:3:      layout_rooms, mainiacjoe_overflow_alcove_4
D:4:      layout_basic, uniq_blork_the_orc
D:5:      layout_cave_pods, hangedman_decor_slide_cut
D:6:      layout_gridville, zin_scriptorium, temple_green, uniq_maggie

Skill      XL: |  1  2  3  4  5  6 |
---------------+-------------------+-----
Axes           | 3 4 5 |  5.9
Fighting       | 4 5 |  5.5
Armour         | 4 5 |  5.1
Shields        | 4 5 |  5.1

Action                   |  1- 3 |  4- 6 |  7- 9 || total
-------------------------+-------+-------+-------++-------
Melee: War axe           |    98 |   141 |    27 ||   266
Evoke: Wand              |       |       |     1 ||     1
  Use: Potion            |       |     1 |       ||     1
Armor: Scale mail        |    57 |    26 |       ||    83
       Plate armour      |       |    62 |     6 ||    68
Dodge: Dodged            |    46 |    53 |     8 ||   107
Block: Buckler           |    32 |    35 |     6 ||    73

Table legend: (Time is in decaauts)
 A = Elapsed time spent in this place.
 B = Non-inter-level travel time spent in this place.
 C = Inter-level travel time spent in this place.
 D = Time resting spent in this place.
 E = Time spent auto-exploring this place.
 F = Levels seen in this place.
 G = Mean time per level.
                   A        B        C        D        E       F      G
               +--------+--------+--------+--------+--------+-----+--------+
         Total |   3696 |   3568 |    128 |    223 |   2682 |   6 |  616.0 |
       Dungeon |   3696 |   3568 |    128 |    223 |   2682 |   6 |  616.0 |
               +--------+--------+--------+--------+--------+-----+--------+

Top non-repeatable levels by time:
     D:4: 1281 daAuts
     D:5: 901 daAuts
     D:1: 872 daAuts
     D:3: 465 daAuts
     D:2: 135 daAuts
     D:6: 40 daAuts
